 Dungeon Crawl Stone Soup version 0.31-a0-1343-gcd514f4 (webtiles) character file.

Game seed: 9572412334851978509

1683 Bronneh the Frost Mage (level 9, -2/61 (74) HPs)
             Began as an Oni Ice Elementalist on Dec 21, 2023.
             Was a Follower of Makhleb.
             Killed by divine providence
             ... invoked by an orc priest
              (12 damage)
             ... on level 6 of the Dungeon.
             The game lasted 00:24:07 (7612 turns).

Bronneh the Frost Mage (Oni Ice Elementalist)       Turns: 7612, Time: 00:24:08

HP:   -2/61 (74)    AC:  4    Str: 18    XL:     9   Next: 2%
MP:   12/12         EV: 10    Int: 16    God:    Makhleb [*.....]
Gold: 8             SH:  0    Dex: 15    Spells: 5/12 levels left

rFire   . . .        k - +2 war axe (venom)
rCold   . . .        (no shield)
rNeg    . . .        a - +1 robe
rPois   .            (helmet restricted)
rElec   .            (no cloak)
rCorr   .            (gloves unavailable)
SInv    .            (boots unavailable)
Will    +....        (no amulet)
Stlth   ++           m - ring of willpower
HPRegen 0.30/turn    r - +6 ring of dexterity
MPRegen 0.13/turn

%: no passive effects
@: heavily drained
A: large, unfitting armour, horns 1, tough skin 1, double potion healing,
drunken brawling
a: Renounce Religion


You were on level 6 of the Dungeon.
You worshipped Makhleb.
Makhleb was aware of your devotion.
You visited 1 branch of the dungeon, and saw 6 of its levels.

You collected 176 gold pieces.
You spent 168 gold pieces at shops.

Inventory:

Hand Weapons
 d - a +0 club of freezing
 k - a +2 war axe of venom (weapon)
 l - a +2 heavy hand axe
 v - the +5 mace "Geapaeff" {antimagic, rN+ Dex-3 Stlth+}
   (You bought it in a shop on level 6 of the Dungeon)

   Dex-3:     It affects your dexterity (-3).
   rN+:       It protects you from negative energy.
   Stlth+:    It makes you more stealthy.
Missiles
 o - 5 large rocks (quivered)
Armour
 a - a +1 robe (worn)
 f - a +0 ring mail
Jewellery
 m - a ring of willpower (left hand)
 r - a +6 ring of dexterity (right hand)
Wands
 u - a wand of flame (3)
Scrolls
 i - 4 scrolls of identify {unknown}
Potions
 b - 3 potions of magic
 e - 3 potions of degeneration {unknown}
 g - a potion of attraction {unknown}
 h - a potion of ambrosia
 j - 2 potions of curing {unknown}
 s - a potion of mutation {unknown}
 t - a potion of resistance {unknown}


   Skills:
 - Level 1.7 Dodging
 - Level 1.4 Stealth
 - Level 2.4 Spellcasting
 * Level 10.9 Ice Magic


You had 5 spell levels left.
You knew the following spells:

 Your Spells              Type           Power      Damage    Failure   Level
a - Freeze                Ice            100%       1d10      1%          1
b - Ozocubu's Armour      Ice            36%        N/A       1%          3
c - Frozen Ramparts       Ice            72%        1d11      1%          3

Your spell library contained the following spells:

 Spells                   Type           Power      Damage    Failure   Level
 Summon Ice Beast         Ice/Summ       19%        N/A       22%         4
 Call Imp                 Summ           2%         N/A       30%         2
 Sublimation of Blood     Necr           1%         N/A       30%         2
 Fugue of the Fallen      Necr           1%         N/A       52%         3
 Manifold Assault         Tloc           1%         N/A       89%         4
 Vhi's Electric Charge    Tloc/Air       2%         N/A       89%         4
 Arcjolt                  Conj/Air       0%         1d10      99%         5
 Summon Hydra             Summ           0%         N/A       100%        7
 Maxwell's Capacitive Co  Air            0%         ∞         100%        8


Dungeon Overview and Level Annotations

Branches:
Dungeon (6/15)
 Temple: D:4-7

Altars:
Makhleb
Nemelex Xobeh
Wu Jian
The Shining One

Shops:
D:4 *   D:6 (

Annotations:
D:6 Menkaure, Pikel


Innate Abilities, Weirdness & Mutations

You are too large for most types of armour.
You have a pair of small horns on your head.
You have tough skin. (AC +1)
You gain doubled healing and magic from potions.
Whenever you drink a healing potion, you attack all around you.


Message History

You slash the shadow imp!
You kill the shadow imp!
Makhleb accepts your kill.
Found a rapier.
You see here a +0 rapier.
A malevolent force fills the Dungeon... and a teleportation trap spontaneously manifests!
You are yanked towards a nearby monster!
Your surroundings suddenly seem different.
Found a stone staircase leading down.
Pikel shouts!
You hear a shout! x2
Pikel hits you with a +0 whip of electrocution.
You are electrocuted!
Menkaure, Prince of Dust comes into view.
The orc priest shouts!
Pikel attacks as he pursues you! Pikel barely misses you.
An orc comes into view. It is wielding a +0 flail.
Pikel attacks as he pursues you!
Pikel hits you with a +0 whip of electrocution.
You are electrocuted!
Aiming: Charm
Press: ? - help, Shift-Dir - straight line, f - Pikel
Aim: Pikel, wielding a +0 whip of electrocution and wearing a +0 robe (chance to affect: 49%) Pikel resists with some effort.
The now-empty wand crumbles to dust.
Pikel hits you with a +0 whip of electrocution!
You are electrocuted!
* * * LOW HITPOINT WARNING * * *
Menkaure mumbles some strange words.
Menkaure seems to speed up.
An orc comes into view. It is wielding a +1 antimagic hand axe.
Menkaure calls on the powers of darkness!
The orc convulses!
Pikel convulses!
The orc priest convulses!
Your body is wracked with pain!
* * * LOW HITPOINT WARNING * * *
The orc priest attacks as it pursues you!
The orc priest hits you but does no damage.
The orc priest attacks as it pursues you!
The orc priest misses you.
The orc priest calls down the wrath of Beogh upon you.
Beogh smites you!
You die...

*,* *,,,,,,,,,,,* #.#
*****,,,***,,
#.##*******,******
#...,,,,,,,,**,,,,
#..#**********,***
****##..###** *,* *
*,,<,.....,,* *,* *
*,***#..#**,* *,*** *,*
#@.# *,* #.#*, *,* #..#
*,* #.#** *,* ##.o# *,*
#.# * *,*##..K# *,* #.#
#.##...o###.# #.###
#....#......#######....
####...M####.........#*
##......#,*****#.###
####o#.#,* #)...


You could see Pikel, Menkaure (fast), an orc priest and an orc.

Vanquished Creatures
  Grinder (D:6)
  A water moccasin (D:4)
  Duvessa (D:5)
  An ice beast (D:6)
  2 black bears
  A phantom (D:4)
  2 lemures (D:5)
  A bullfrog (D:5)
  3 scorpions
  A wight (D:6)
  Dowan (D:5)
  3 hounds
  3 orc priests
  4 iguanas
  2 orc wizards
  4 gnolls (D:4)
  7 adders
  A shadow imp (D:6)
  2 bombardier beetles
  2 worms (D:2)
  5 dart slugs
  10 orcs
  6 endoplasms
  18 giant cockroaches
  6 goblins
  6 hobgoblins (D:1)
  9 jackals
  2 kobolds (D:1)
  4 quokkas
  12 ball pythons
  2 bats
  7 frilled lizards
  4 rats
134 creatures vanquished.

Vanquished Creatures (collateral kills)
  An orc (D:6)
1 creature vanquished.

Grand Total: 135 creatures vanquished

Notes
Turn   | Place    | Note
-------+----------+-------------------------------------------
     0 | D:1      | Bronneh the Oni Ice Elementalist began the quest for the
                  | Orb.
     0 | D:1      | Reached XP level 1. HP: 16/16 MP: 3/3
   189 | D:1      | Reached skill level 4 in Ice Magic
   189 | D:1      | Reached XP level 2. HP: 22/24 MP: 1/5
   592 | D:1      | Reached XP level 3. HP: 31/31 MP: 4/6
  1539 | D:2      | Reached skill level 5 in Ice Magic
  1539 | D:2      | Reached XP level 4. HP: 38/39 MP: 7/7
  2155 | D:2      | Learned a level 3 spell: Ozocubu's Armour
  2159 | D:2      | Learned a level 3 spell: Frozen Ramparts
  2430 | D:3      | Reached XP level 5. HP: 35/45 MP: 4/8
  2722 | D:3      | Reached skill level 6 in Ice Magic
  2899 | D:4      | Noticed a phantom
  2974 | D:4      | Found a burning altar of Makhleb.
  2979 | D:4      | Became a worshipper of Makhleb the Destroyer
  3032 | D:4      | Found a glowing golden altar of the Shining One.
  3127 | D:4      | Reached XP level 6. HP: 46/53 MP: 5/9
  3233 | D:4      | Noticed a water moccasin
  3247 | D:4      | Killed a water moccasin
  3248 | D:4      | Reached skill level 7 in Ice Magic
  3439 | D:4      | Reached XP level 7. HP: 54/59 MP: 6/10
  3548 | D:4      | Found Eguid's Elemental Accessories.
  3557 | D:4      | Reached skill level 8 in Ice Magic
  3763 | D:4      | Found a sparkling altar of Nemelex Xobeh.
  4549 | D:5      | Entered Level 5 of the Dungeon
  4565 | D:5      | Noticed Duvessa
  4567 | D:5      | Noticed Dowan
  4579 | D:5      | Killed Duvessa
  4579 | D:5      | Reached * piety under Makhleb
  4580 | D:5      | Reached XP level 8. HP: 19/67 MP: 6/11
  4588 | D:5      | Reached skill level 9 in Ice Magic
  4842 | D:5      | Killed Dowan
  6223 | D:6      | Reached skill level 10 in Ice Magic
  6263 | D:6      | Noticed Pikel
  6789 | D:6      | Found Lulef's Antique Weapon Shop.
  6793 | D:6      | Bought a brightly glowing mace for 168 gold pieces
  6793 | D:6      | Identified the +5 mace "Geapaeff" {antimagic, rN+ Dex-3
                  | Stlth+} (You bought it in a shop on level 6 of the Dungeon)
  6994 | D:6      | Noticed Grinder
  7012 | D:6      | Killed Grinder
  7214 | D:6      | Found an ornate altar of the Wu Jian Council.
  7260 | D:6      | Reached XP level 9. HP: 39/73 MP: 8/12
  7605 | D:6      | Noticed Menkaure
  7612 | D:6      | Killed from afar by an orc priest

Illustrated notes

Levels and vault maps discovered:
D:1:      dpeg_arrival_arbitrary_b, layout_loops_ring, st_stairs_3
D:2:      minmay_roachtagon, layout_loops_ring, chequers_serial_rivers_marsh
D:3:      layout_basic, mainiacjoe_overflow_tiny_flanked, minmay_ogre_servants
D:4:      layout_loops_corners, lightli_temple_of_fire,
          nicolae_tso_carved_into_rock, nemelex_xobeh_ov_fountains_minmay,
          nicolae_elemental_shop
D:5:      layout_loops_ring, uniq_duvessa
D:6:      layout_loops_ring, nicolae_wu_jian_wuxing_cycle, serial_shops,
          nicolae_shop_just_a_little_nook, uniq_menkaure, uniq_pikel,
          uniq_grinder

Skill      XL: |  1  2  3  4  5  6  7  8 |
---------------+-------------------------+-----
Ice Magic      | 4 5 6 7 8 10 | 10.9
Dodging        | |  1.7
Stealth        | |  1.4
Spellcasting   | |  2.4

Action                     |  1- 3 |  4- 6 |  7- 9 || total
---------------------------+-------+-------+-------++-------
  Melee: Club              |    30 |       |       ||    30
         Punch             |     1 |       |     2 ||     3
         Unarmed           |     1 |       |       ||     1
         Headbutt          |     4 |     7 |    15 ||    26
         War axe           |     1 |    60 |    91 ||   152
         Mace              |       |       |    19 ||    19
  Throw: Large rock        |       |       |     7 ||     7
   Cast: Freeze            |    48 |    40 |       ||    88
         Ozocubu's Armour  |       |     4 |    17 ||    21
         Frozen Ramparts   |       |     8 |    25 ||    33
  Evoke: Wand              |       |       |     6 ||     6
    Use: Potion            |     1 |       |     4 ||     5
         Scroll            |       |     4 |     3 ||     7
 Armour: Robe              |    39 |    72 |   160 ||   271
         Skin              |       |       |    10 ||    10
  Dodge: Dodged            |    36 |    44 |    81 ||   161

Table legend: (Time is in decaauts)
 A = Elapsed time spent in this place.
 B = Non-inter-level travel time spent in this place.
 C = Inter-level travel time spent in this place.
 D = Time resting spent in this place.
 E = Time spent auto-exploring this place.
 F = Levels seen in this place.
 G = Mean time per level.
                   A        B        C        D        E       F      G
               +--------+--------+--------+--------+--------+-----+--------+
         Total |   7717 |   7573 |    144 |   2160 |   3711 |   6 | 1286.2 |
       Dungeon |   7717 |   7573 |    144 |   2160 |   3711 |   6 | 1286.2 |
               +--------+--------+--------+--------+--------+-----+--------+

Top non-repeatable levels by time:
     D:5: 2003 daAuts
     D:4: 1758 daAuts
     D:2: 1281 daAuts
     D:1: 1104 daAuts
     D:6: 867 daAuts
     D:3: 703 daAuts
